 Dungeon Crawl Stone Soup version 0.20-a0-270-g8e735b6 (webtiles) character file.

35 Duffy the Shield-Bearer (level 3, 29/29 HPs)
             Began as a Formicid Fighter on Dec 10, 2016.
             Was a Follower of Ashenzari.
             Quit the game on level 3 of the Dungeon.
             The game lasted 00:01:10 (832 turns).

Duffy the Shield-Bearer (Formicid Fighter)           Turns: 832, Time: 00:01:11

Health: 29/29      AC: 10    Str: 21    XL:     3   Next: 52%
Magic:  3/3        EV:  7    Int:  7    God:    Ashenzari [*.....]
Gold:   34         SH:  9    Dex: 10    Spells: 2/2 levels left

rFire  + + .     SeeInvis +     a - +0 war axe
rCold  x . .     Gourm    .     j - +0 fire dragon scales
rNeg   . . .     Faith    .     c - +0 shield
rPois  .         Spirit   .     (helmet unavailable)
rElec  .         Reflect  .     (no cloak)
rCorr  .         Harm     .     (no gloves)
MR     .....                    l - +0 pair of boots
Stlth  ..........               (no amulet)
                                (no ring)
                                (no ring)

@: no status effects
A: permanent stasis, dig shafts and tunnels, four strong arms, antennae 3
a: Dig, Shaft Self, Curse Item, Scrying, Renounce Religion


You were on level 3 of the Dungeon.
You worshipped Ashenzari.
Ashenzari was aware of your devotion.
You were not hungry.

You visited 1 branch of the dungeon, and saw 3 of its levels.

You collected 34 gold pieces.

Inventory:

Hand Weapons
 a - a +0 war axe (weapon)
Armour
 b - a +0 scale mail
 c - a +0 shield (worn)
 j - +0 fire dragon scales (worn)
 l - a +0 pair of boots (worn)
Scrolls
 h - a scroll of noise {unknown}
 i - a scroll of immolation {unknown}
Potions
 d - 2 potions of might
 e - 2 potions of agility {unknown}
 k - a potion of invisibility {unknown}
Comestibles
 f - a bread ration
 g - 2 meat rations


   Skills:
 - Level 3.2 Fighting
 + Level 2.8 Axes
 - Level 3.2 Armour
 + Level 4.5 Shields


You had 2 spell levels left.
You didn't know any spells.

Dungeon Overview and Level Annotations

Branches:
Dungeon (3/15)

Altars:
Ashenzari


Innate Abilities, Weirdness & Mutations

You cannot be hasted, slowed, berserked, paralysed or teleported.
You can dig through walls and to a lower floor.
Your four strong arms can wield two-handed weapons with a shield.
You have a pair of large antennae on your head. (SInv)


Message History

The rat barely misses you.
You barely miss the rat. The rat bites you.
You hit the rat.
You kill the rat!
No target in view!
No target in view!
No target in view!
No target in view!
Found a stone staircase leading up.
You enter the shallow water.
Moving in this stuff is going to be slow.
You enter the shallow water.
Moving in this stuff is going to be slow.
HP restored.
There is a faded altar of an unknown god here.
You cannot tell which god this altar belongs to.
Convert to them anyway?
Ashenzari accepts your prayer! Ashenzari welcomes you!
You can now curse your items.
You can now scry through walls.
Are you sure you want to abandon this character and quit the game? (Confirm with "yes".)

##.....................######
...................#........#
##..#.........~.~...........#
#........~..~..~...~.~######
...........~~~~~~~~~~~~#
#.........~~~~~~~~~~~~~#
...###.#..~~~~~~~~~~~.#
..........~~~~.~~~~~.~#
.###.#..~~~~.@.~~~..#
......~~~~7..~~~~~#
#..<....~~~~~~~~~..#
........~~~~~~~~~~~..
........~~~~~~~~~~...
#####..~~~~~~~..~~~.
#...~...~~~...~.
#.#.###..######.


There were no monsters in sight!

Vanquished Creatures
  2 worms (D:2)
  2 leopard geckos (D:2)
  2 ball pythons (D:2)
  2 bats (D:2)
  A giant cockroach (D:2)
  A goblin (D:3)
  5 hobgoblins (D:2)
  3 jackals (D:2)
  2 kobolds (D:2)
  6 rats
26 creatures vanquished.

Notes
Turn   | Place    | Note
-------+----------+-------------------------------------------
     0 | D:1      | Duffy the Formicid Fighter began the quest for the Orb.
     0 | D:1      | Reached XP level 1. HP: 18/18 MP: 1/1
    54 | D:2      | Reached XP level 2. HP: 23/24 MP: 2/2
    57 | D:2      | Reached skill level 4 in Shields
   347 | D:2      | Reached XP level 3. HP: 25/29 MP: 3/3
   791 | D:3      | Found a faded altar of an unknown god.
   831 | D:3      | Became a worshipper of Ashenzari the Shackled
   831 | D:3      | Reached * piety under Ashenzari
   832 | D:3      | Quit the game

Vault maps used:
D:1:      dpeg_arrival_shrine, kennysheep_flooded_box
D:2:      marbit_many_paths, kennysheep_vampire_church, uniq_natasha
D:3:      overflow_temple_1_default, chequers_ecumenical_altar_island,
          roderic_roman_lattice

Skill      XL: |  1  2 |
---------------+-------+-----
Shields        | 4 |  4.5
Fighting       | |  3.2
Axes           | |  2.8
Armour         | |  3.2

Action                   || total
-------------------------++-------
Melee: War axe           ||    82
Armor: Scale mail        ||    35
       Fire dragon scale ||     6
Dodge: Dodged            ||    25
Block: Shield            ||    47
